 Dungeon Crawl Stone Soup version 0.29.1-15-g9cfb28693d (webtiles) character file.

Game seed: 12751126861931112550

146 leetdood the Shield-Bearer (level 5, -1/47 HPs)
             Began as a Minotaur Fighter on Mar 11, 2023.
             Slain by a gnoll
             ... wielding a +0 halberd
             ... led by a gnoll bouda
              (3 damage)
             ... on level 4 of the Dungeon.
             The game lasted 00:06:47 (3014 turns).

leetdood the Shield-Bearer (Minotaur Fighter)       Turns: 3014, Time: 00:06:47

Health: -1/47      AC:  8    Str: 23    XL:     5   Next: 7%
Magic:  4/4        EV:  9    Int:  5    God:
Gold:   181        SH:  4    Dex:  9    Spells: 4/4 levels left

rFire   . . .      SeeInvis .   a - +0 war axe
rCold   . . .      Faith    .   c - +0 buckler
rNeg    . . .      Spirit   .   b - +0 scale mail
rPois   .          Reflect  .   (helmet restricted)
rElec   .          Harm     .   f - +0 cloak
rCorr   .          Rampage  .   (no gloves)
Will    .....                   (no boots)
Stlth   ..........              (no amulet)
HPRegen 0.15/turn               (no ring)
MPRegen 0.09/turn               (no ring)

@: mighty
A: horns 2, retaliatory headbutt
a: no special abilities


You were on level 4 of the Dungeon.
You visited 1 branch of the dungeon, and saw 4 of its levels.

You collected 181 gold pieces.

Inventory:

Hand Weapons
 a - a +0 war axe (weapon)
 s - a +4 hand axe
Armour
 b - a +0 scale mail (worn)
 c - a +0 buckler (worn)
 f - a +0 cloak (worn)
Jewellery
 n - a ring of ice
Wands
 o - a wand of polymorph (7)
Scrolls
 e - 3 scrolls of identify {unknown}
 g - 3 scrolls of poison {unknown}
 l - a scroll of blinking {unknown}
 m - a scroll of summoning {unknown}
 q - a scroll of teleportation {unknown}
 r - a scroll of vulnerability {unknown}
Potions
 d - a potion of might
 h - a potion of lignification {unknown}
 i - a potion of berserk rage {unknown}
 j - 2 potions of attraction {unknown}
 k - a potion of heal wounds {unknown}
 p - a potion of resistance {unknown}


   Skills:
 + Level 4.4 Fighting
 * Level 4.4 Axes
 + Level 4.5 Armour
 + Level 4.5 Shields


You had 4 spell levels left.
You didn't know any spells.
Your spell library contained the following spells:

 Spells                   Type           Power      Damage    Failure   Level
 Shock                    Conj/Air       0%         1d3       86%         1
 Swiftness                Air            0%         N/A       99%         3
 Airstrike                Air            0%         2d(0-16)  100%        4


Dungeon Overview and Level Annotations

Branches:
Dungeon (4/15)
 Temple: D:4-7

Altars:
Ru
Uskayaw

Annotations:
D:4 Grinder


Innate Abilities, Weirdness & Mutations

You have a pair of horns on your head.
You reflexively headbutt those who attack you in melee.


Message History

You feel very mighty all of a sudden.
The gnoll hits you from afar with a +0 halberd.
The gnoll hits you from afar with a +0 spear.
The gnoll bouda barks out a call to the hunt!
The gnolls pick up the pace!
You are too injured to fight recklessly!
You hit the gnoll bouda.
The gnoll bouda is heavily wounded.
You block the gnoll's attack. The gnoll closely misses you.
The gnoll bouda closely misses you.
You closely miss the gnoll bouda.
The gnoll bouda is heavily wounded.
Your attacks no longer feel as feeble.
The gnoll hits you but does no damage. The gnoll barely misses you.
The gnoll bouda hits you but does no damage.
You hit the gnoll bouda.
The gnoll bouda is almost dead.
You block the gnoll's attack.
The gnoll hits you from afar with a +0 spear.
The gnoll bouda hits you with a +0 club!
* * * LOW HITPOINT WARNING * * *
You closely miss the gnoll bouda.
The gnoll bouda is almost dead.
The gnoll completely misses you. The gnoll barely misses you.
The gnoll bouda hits you but does no damage.
You block the gnoll's attack. The gnoll bouda barely misses you.
You block the gnoll's attack.
You barely miss the gnoll bouda. You headbutt the gnoll bouda.
You kill the gnoll bouda!
You block the gnoll's attack.
The gnoll hits you from afar with a +0 spear.
* * * LOW HITPOINT WARNING * * *
You have reached level 5!
You barely miss the orc. The gnoll hits you but does no damage.
The orc closely misses you. You furiously retaliate!
You headbutt the orc!
You kill the orc!
The gnoll hits you from afar with a +0 spear.
* * * LOW HITPOINT WARNING * * *
The gnoll hits you from afar with a +0 halberd.
You die...

# .# ###.
#.. #.#
#@# #.#
#g# #g.
#... .....
......
.......
###...#g#.


You could see 2 gnolls.

Vanquished Creatures
  A gnoll bouda (D:4)
  An orc wizard (D:3)
  Robin (D:2)
  A gnoll (D:4)
  A worm (D:2)
  A dart slug (D:1)
  4 orcs
  4 endoplasms
  4 giant cockroaches
  4 hobgoblins
  3 jackals (D:1)
  7 kobolds
  2 quokkas (D:2)
  7 ball pythons
  5 bats
  5 frilled lizards
  8 goblins
  5 rats
64 creatures vanquished.

Notes
Turn   | Place    | Note
-------+----------+-------------------------------------------
     0 | D:1      | leetdood the Minotaur Fighter began the quest for the Orb.
     0 | D:1      | Reached XP level 1. HP: 19/19 MP: 0/0
    46 | D:1      | Found a faded altar of an unknown god.
   252 | D:1      | Reached XP level 2. HP: 25/27 MP: 1/1
  1090 | D:2      | Reached XP level 3. HP: 33/33 MP: 2/2
  1287 | D:2      | Found a hide-covered altar of Uskayaw.
  1471 | D:2      | Noticed Robin
  1479 | D:2      | Killed Robin
  1975 | D:3      | Found a sacrificial altar of Ru.
  1979 | D:3      | Reached XP level 4. HP: 40/40 MP: 3/3
  2848 | D:4      | Noticed Grinder
  3013 | D:4      | Reached XP level 5. HP: 4/47 MP: 4/4
  3013 | D:4      | HP: 2/47 [gnoll/+0 spear[a gnoll bouda] (2)]
  3014 | D:4      | Slain by a gnoll

Illustrated notes

Levels and vault maps discovered:
D:1:      minmay_arrival_solitary_statue, layout_basic,
          hellmonk_ecumenical_altar_arch_garden
D:2:      layout_loops_corners, basic_altar, kennysheep_generic_room_3,
          uniq_robin
D:3:      layout_loops_cross, nicolae_ru_great_annihilating_truth,
          minmay_misc_feat_square, minmay_crystal_water,
          chequers_decorated_corner, kennysheep_cross_room
D:4:      layout_loops_ring, uniq_grinder

Skill      XL: |  1  2  3  4 |
---------------+-------------+-----
Axes           | 3 4 |  4.4
Shields        | 4 |  4.5
Fighting       | 4 |  4.4
Armour         | 4 |  4.5

Action                   |  1- 3 |  4- 6 || total
-------------------------+-------+-------++-------
Melee: War axe           |    96 |    42 ||   138
       Headbutt          |    11 |     9 ||    20
       Unarmed           |     6 |       ||     6
  Use: Potion            |       |     1 ||     1
 Stab: Paralysed         |       |     2 ||     2
Armor: Scale mail        |    38 |    16 ||    54
       Skin              |     2 |       ||     2
Dodge: Dodged            |    54 |    20 ||    74
Block: Buckler           |     9 |     9 ||    18
